 Dungeon Crawl Stone Soup version 0.28-a0-461-g2dc4ca5097 (webtiles) character file.

Game seed: 6419939769781618505

43 flyleaff the Caller (level 3, -2/19 (20) HPs)
             Began as a Kobold Summoner on Sept 14, 2021.
             Slain by Crazy Yiuf (7 damage)
             ... on level 2 of the Dungeon.
             The game lasted 00:07:55 (2478 turns).

flyleaff the Caller (Kobold Summoner)               Turns: 2478, Time: 00:07:55

HP:   -2/19 (20)    AC:  3    Str:  5    XL:     3   Next: 82%
MP:   0/7           EV: 15    Int: 17    God:
Gold: 71            SH:  0    Dex: 15    Spells: 1/7 levels left

rFire   . . .      SeeInvis .   c - +1 whip
rCold   . . .      Faith    .   (shield restricted)
rNeg    + . .      Spirit   .   e - +1 robe {rN+}
rPois   .          Reflect  .   (no helmet)
rElec   .          Harm     .   (no cloak)
rCorr   .          Rampage  .   (no gloves)
Will    .....                   (no boots)
Stlth   +++.......              (no amulet)
HPRegen 0.06/turn               (no ring)
MPRegen 0.10/turn               (no ring)

@: drained
A: small, no large weapons, nightstalker 3
a: no special abilities


You were on level 2 of the Dungeon.
You visited 1 branch of the dungeon, and saw 2 of its levels.

You collected 71 gold pieces.

Inventory:

Hand Weapons
 c - a +1 whip (weapon)
Missiles
 b - 79 stones
 f - 18 arrows
Armour
 e - a +1 robe of positive energy (worn)
Potions
 a - 2 potions of curing {unknown}


   Skills:
 - Level 1.3 Fighting
 + Level 3.2 Dodging
 - Level 2.6 Stealth
 + Level 2.7 Spellcasting
 + Level 0.0 Conjurations
 - Level 4.3 Summonings
 + Level 0.0 Earth Magic


You had one spell level left.
You knew the following spells:

 Your Spells              Type           Power      Damage    Failure   Level
a - Summon Small Mammal   Summ           64%        N/A       3%          1
b - Call Imp              Summ           16%        N/A       4%          2
c - Stone Arrow           Conj/Erth      4%         3d7       47%         3

Your spell library contained the following spells:

 Spells                   Type           Power      Damage    Failure   Level
 Sandblast                Erth           4%         2d4       19%         1
 Call Canine Familiar     Summ           16%        N/A       10%         3
 Summon Guardian Golem    Hex/Summ       9%         N/A       22%         3
 Passwall                 Tmut/Erth      1%         N/A       26%         2
 Summon Lightning Spire   Summ/Air       9%         N/A       58%         4


Dungeon Overview and Level Annotations

Branches:
Dungeon (2/15)

Altars:

Annotations:
D:2 Crazy Yiuf


Innate Abilities, Weirdness & Mutations

You are small and have problems with some larger weapons.
You are completely attuned to the shadows.


Message History

Attack!
Your crimson imp completely misses Crazy Yiuf.
Crazy Yiuf barely misses your crimson imp.
Your crimson imp barely misses Crazy Yiuf.
Crazy Yiuf hits your crimson imp with a +2 quarterstaff of chaos.
Your crimson imp resists with almost no effort.
Your crimson imp hits Crazy Yiuf.
Crazy Yiuf hits your crimson imp with a +2 quarterstaff of chaos!
Crazy Yiuf freezes your crimson imp.
Your crimson imp dies!
Your crimson imp disappears in a puff of smoke!
Casting: Call Imp (safe; 4% risk of failure)
Confirm with . or Enter, or press ? or * to list all spells.
A beastly little devil appears in a puff of flame.
Crazy Yiuf cries, "Two!"
Crazy Yiuf hits your crimson imp with a +2 quarterstaff of chaos!
Your crimson imp dies!
Your crimson imp disappears in a puff of smoke!
Crazy Yiuf yells, "Sif Muna!
Peeping song tortoise."
Okay, then.
Throw: 80 stones
Press: ? - help, Shift-Dir - straight line, f/p - Crazy Yiuf
Aim: Crazy Yiuf, wielding a +2 quarterstaff of chaos and wearing a +0 cloak (almost dead, 61% to hit)
You throw a stone.
The stone hits Crazy Yiuf but does no damage.
Crazy Yiuf is almost dead.
You hit Crazy Yiuf.
Crazy Yiuf is almost dead.
Crazy Yiuf hits you with a +2 quarterstaff of chaos!
Ouch! That really hurt!
* * * LOW HITPOINT WARNING * * *
You partially resist.
You feel drained.
* * * LOW HITPOINT WARNING * * *
Crazy Yiuf cries, "Fluff!
Action pontify down."
Crazy Yiuf says, "Aardvark infinity pontify!"
Casting: Call Imp (safe; 4% risk of failure)
Confirm with . or Enter, or press ? or * to list all spells.
A beastly little devil appears in a puff of frigid air.
Crazy Yiuf hits you with a +2 quarterstaff of chaos!
You die...

## #.# #.#######
#......# ##.###.#
.# ##..#.# #.##
##.#.#g#
#..###.##.#@#
#...#.###.#.#####
#....## #.#.5...#
####..###
#...###(##
......#
#..###...#
####..#
#.###....# #..#
### #....# #..#
#....# #..#
#...##


You could see Crazy Yiuf (ally target) and a friendly white imp (summoned).

Vanquished Creatures
  2 ball pythons (D:1)
  An endoplasm (D:1)
  A giant cockroach (D:1)
  A goblin (D:1)
  A quokka (D:1)
  2 bats (D:1)
  4 frilled lizards (D:1)
  2 rats (D:1)
14 creatures vanquished.

Vanquished Creatures (collateral kills)
  A dart slug (D:1)
  2 bats (D:1)
  6 endoplasms
  A giant cockroach (D:1)
  2 goblins (D:1)
  3 hobgoblins (D:1)
  A kobold (D:1)
  3 ball pythons (D:1)
  2 frilled lizards
  3 rats (D:1)
24 creatures vanquished.

Grand Total: 38 creatures vanquished

Notes
Turn   | Place    | Note
-------+----------+-------------------------------------------
     0 | D:1      | flyleaff the Kobold Summoner began the quest for the Orb.
     0 | D:1      | Reached XP level 1. HP: 10/10 MP: 3/3
   231 | D:1      | Reached XP level 2. HP: 16/16 MP: 1/5
   236 | D:1      | Learned a level 2 spell: Call Imp
   635 | D:1      | Reached skill level 1 in Fighting
   813 | D:1      | Reached XP level 3. HP: 19/20 MP: 3/6
  1488 | D:1      | Found a faded altar of an unknown god.
  2059 | D:2      | Learned a level 3 spell: Stone Arrow
  2429 | D:2      | Found a runed translucent door.
  2432 | D:2      | Noticed Crazy Yiuf
  2478 | D:2      | Slain by Crazy Yiuf

Illustrated notes

Levels and vault maps discovered:
D:1:      zaba_arrival_water, layout_loops_cross,
          hellmonk_ecumenical_altar_arch_garden, chequers_jeans, minmay_vboxes
D:2:      layout_loops_ring, basic_altar, serial_shops, shop,
          uniq_crazy_yiuf_cottage

Skill      XL: |  1  2  3 |
---------------+----------+-----
Fighting       | 1 |  1.3
Dodging        | 3 |  3.2
Stealth        | |  2.6
Spellcasting   | |  2.7
Summonings     | |  4.3

Action                   || total
-------------------------++-------
Melee: Unarmed           ||     3
       Whip              ||    66
Throw: Stone             ||     1
 Cast: Summon Small Mamm ||    56
       Call Imp          ||    15
  Use: Scroll            ||     4
 Stab: Sleeping          ||     5
Armor: Robe              ||     5
Dodge: Dodged            ||    63

Table legend: (Time is in decaauts)
 A = Elapsed time spent in this place.
 B = Non-inter-level travel time spent in this place.
 C = Inter-level travel time spent in this place.
 D = Time resting spent in this place.
 E = Time spent auto-exploring this place.
 F = Levels seen in this place.
 G = Mean time per level.
                   A        B        C        D        E       F      G
               +--------+--------+--------+--------+--------+-----+--------+
         Total |   2513 |   2394 |    119 |      0 |   1997 |   2 | 1256.5 |
       Dungeon |   2513 |   2394 |    119 |      0 |   1997 |   2 | 1256.5 |
               +--------+--------+--------+--------+--------+-----+--------+

Top non-repeatable levels by time:
     D:1: 2089 daAuts
     D:2: 424 daAuts
